 Dungeon Crawl Stone Soup version 0.21-a0-442-g848f44b (webtiles) character file.

2737 vineage the Carver (level 9, 0/64 HPs)
             Began as a Minotaur Fighter on Nov 16, 2017.
             Was a Believer of Okawaru.
             Slain by a hog (8 damage)
             ... on level 7 of the Dungeon.
             The game lasted 00:08:14 (4794 turns).

vineage the Carver (Minotaur Fighter)               Turns: 4794, Time: 00:08:15

Health: 0/64       AC: 15    Str: 22    XL:     9   Next: 40%
Magic:  8/8        EV:  5    Int:  5    God:    Okawaru [**....]
Gold:   304        SH: 10    Dex: 10    Spells: 8/8 levels left

rFire    . . .     SeeInvis .   a - +1 long sword
rCold    + . .     Gourm    .   c - +1 shield
rNeg     + . .     Faith    .   y - +0 plate armour
rPois    .         Spirit   .   (helmet restricted)
rElec    .         Reflect  .   (no cloak)
rCorr    .         Harm     .   (no gloves)
MR       .....                  j - +2 pair of boots
Stlth    ..........             (no amulet)
HPRegen  0.20/turn              r - ring of positive energy
MPRegen  0.11/turn              s - ring of protection from cold

@: no status effects
A: retaliatory headbutt, hooves 1, horns 2, thin skeletal structure 1, clumsy 1,
frail 1, weak 1, sturdy frame 1
a: Heroism, Renounce Religion


You were on level 7 of the Dungeon.
You worshipped Okawaru.
Okawaru was pleased with you.
You were not hungry.

You visited 2 branches of the dungeon, and saw 8 of its levels.

You collected 304 gold pieces.

Inventory:

Hand Weapons
 a - a +1 long sword (weapon)
Armour
 b - a +0 scale mail
 c - a +1 shield (worn)
 j - a +2 pair of boots (worn)
 y - a +0 plate armour (worn)
Jewellery
 k - an uncursed ring of fire
 r - a ring of positive energy (left hand)
 s - a ring of protection from cold (right hand)
Wands
 p - a wand of enslavement (14/24)
 w - a wand of iceblast (10/15)
Scrolls
 i - a scroll of identify
 l - 2 scrolls of remove curse
 m - 2 scrolls of immolation
 n - 4 scrolls of teleportation
 q - 5 scrolls of magic mapping
 x - a scroll of fog
Potions
 d - 2 potions of might
 t - a potion of resistance {unknown}
 u - 2 potions of ambrosia {unknown}
 v - a potion of agility {unknown}
Books
 e - a book of Minor Magic

   Spells                             Type                      Level
   a - Magic Dart                     Conjuration                  1
   b - Blink                          Translocation                2
   c - Call Imp                       Summoning                    2
   d - Slow                           Hexes                        2
   e - Conjure Flame                  Conjuration/Fire             3
   f - Mephitic Cloud                 Conjuration/Poison/Air       3
Comestibles
 f - 3 bread rations
 h - 4 meat rations
 o - a royal jelly


   Skills:
 * Level 4.4 Fighting
 - Level 14.1 Long Blades
 * Level 4.9 Armour
 + Level 4.2 Shields


You had 8 spell levels left.
You didn't know any spells.

Dungeon Overview and Level Annotations

Branches:
Dungeon (7/15)             Temple (1/1) D:5

Altars:
Cheibriados
Dithmenos
Elyvilon
Hepliaklqana
Kikubaaqudgha
Makhleb
Nemelex Xobeh
Okawaru
Qazlal
Ru
Sif Muna
Trog
Uskayaw
Vehumet
Wu Jian
Xom
Yredelemnul
Zin
The Shining One


Innate Abilities, Weirdness & Mutations

You reflexively headbutt those who attack you in melee.
You have a pair of horns on your head.
You have large cloven feet.
You have a somewhat thin skeletal structure. (Dex +2, Stealth)
You are clumsy. (Dex -2)
You are frail. (-10% HP)
You are weak. (Str -2)
Your movements are slightly less encumbered by armour. (ER -2)


Message History

You block the hog's attack.
You closely miss the hog.
The hog is severely wounded.
The hog bites you.
* * * LOW HITPOINT WARNING * * *
You hit the hog.
The hog is almost dead.
The hog bites you!
* * * LOW HITPOINT WARNING * * *
You hit the hog.
The hog is almost dead.
The hog bites you.
* * * LOW HITPOINT WARNING * * *
You closely miss the hog. Your headbutt misses the hog.
The hog is almost dead.
You block the hog's attack.
Your plate armour prevents you from hitting the hog.
The hog is almost dead.
The hog bites you!
You die...

........##......#...# #.....
........##......#.>.####.<...
....[...##....###......#.....
......†................'.....
.......................#.....
####...................######
#>....................# #...
#.#....##.######...†..###...
#........Yh@..........'.....
######....######...)..##....
##'### #.........##....
#).#..#.........##....
#..#..#....##'#####...
#..'..##....#.# #...
#%.#..##....#.# #...
#%%#..##....#.# ####
########....#.#


You could see a yak and a hog.

Vanquished Creatures
  The ghost of Ijustatesigmund the Skirmisher, an amateur OpAr (D:4)
  Prince Ribbit (D:5)
  A hog (D:7)
  A yak (D:7)
  A human (D:7)
  An orc warrior (D:7)
  3 sky beasts
  A phantom (D:5)
  2 ogres
  Blork the orc (D:5)
  3 bullfrogs (D:7)
  2 scorpions
  7 crimson imps
  2 jellies
  A centaur zombie (D:5)
  A hound (D:4)
  2 bullfrog skeletons
  2 orc priests
  2 iguanas (D:7)
  3 orc wizards
  4 worker ants
  A hound skeleton (D:6)
  Robin (D:2)
  4 gnolls (D:3)
  8 adders
  2 shadow imps (D:7)
  2 oozes
  An adder skeleton (D:4)
  3 worms
  2 dart slugs (D:1)
  6 leopard geckos
  19 orcs
  A bat (D:2)
  2 giant cockroaches
  7 hobgoblins
  7 jackals
  11 kobolds
  3 quokkas
  2 ball pythons
  7 frilled lizards
  16 goblins
  4 rats (D:1)
151 creatures vanquished.

Notes
Turn   | Place    | Note
-------+----------+-------------------------------------------
     0 | D:1      | vineage the Minotaur Fighter began the quest for the Orb.
     0 | D:1      | Reached XP level 1. HP: 19/19 MP: 0/0
    80 | D:1      | Reached skill level 3 in Long Blades
    83 | D:1      | Reached XP level 2. HP: 26/26 MP: 1/1
   291 | D:1      | Reached skill level 4 in Long Blades
   429 | D:1      | Reached XP level 3. HP: 29/31 MP: 2/2
   460 | D:2      | Noticed Robin
   476 | D:2      | Killed Robin
   488 | D:2      | Reached skill level 5 in Long Blades
   550 | D:2      | Reached XP level 4. HP: 39/39 MP: 3/3
  1096 | D:2      | Reached skill level 6 in Long Blades
  1096 | D:2      | Reached XP level 5. HP: 27/45 MP: 4/4
  1443 | D:3      | Reached skill level 7 in Long Blades
  1558 | D:3      | Found a shadowy altar of Dithmenos.
  1558 | D:3      | Found a sacrificial altar of Ru.
  1559 | D:3      | Found a radiant altar of Vehumet.
  1562 | D:3      | Reached XP level 6. HP: 51/51 MP: 5/5
  1968 | D:3      | Gained mutation: Your movements are slightly less encumbered by armour. (ER -2) [potion of mutation]
  1968 | D:3      | Gained mutation: You have large cloven feet. [potion of mutation]
  1988 | D:4      | Noticed Ijustatesigmund's ghost (amateur OpAr)
  2182 | D:4      | Reached skill level 8 in Long Blades
  2234 | D:4      | Killed Ijustatesigmund's ghost
  2234 | D:4      | Reached skill level 9 in Long Blades
  2234 | D:4      | Reached XP level 7. HP: 45/57 MP: 6/6
  2348 | D:4      | Found a shimmering altar of Xom.
  2649 | D:4      | Reached skill level 10 in Long Blades
  2673 | D:5      | Entered Level 5 of the Dungeon
  2718 | D:5      | Noticed Blork the orc
  2722 | D:5      | Killed Blork the orc
  2732 | D:5      | Noticed Prince Ribbit
  2741 | D:5      | Killed Prince Ribbit
  2741 | D:5      | Reached skill level 11 in Long Blades
  2741 | D:5      | Reached XP level 8. HP: 30/64 MP: 7/7
  2883 | D:5      | Found a staircase to the Ecumenical Temple.
  2988 | Temple   | Entered the Ecumenical Temple
  3051 | Temple   | Became a worshipper of Warmaster Okawaru
  3259 | D:5      | Gained mutation: You are clumsy. (Dex -2) [mutagenic meat]
  3260 | D:5      | Gained mutation: You are frail. (-10% HP) [mutagenic meat]
  3262 | D:5      | Gained mutation: You have a somewhat thin skeletal structure. (Dex +2, Stealth) [mutagenic meat]
  3281 | D:5      | Reached skill level 12 in Long Blades
  4095 | D:6      | Reached skill level 13 in Long Blades
  4328 | D:7      | Reached * piety under Okawaru
  4529 | D:7      | Reached XP level 9. HP: 56/63 MP: 8/8
  4533 | D:7      | Gained mutation: You are weak. (Str -2) [mutagenic meat]
  4680 | D:7      | Reached skill level 14 in Long Blades
  4754 | D:7      | Reached ** piety under Okawaru
  4794 | D:7      | Slain by a hog

Vault maps used:
D:1:      minmay_arrival_nine_rooms, feat_on_display
D:2:      uniq_robin
D:3:      gammafunk_temple_overflow_forgotten, grunt_ministairs_1
D:4:      led_xom_imps
D:5:      temple_statues, first_bread, uniq_prince_ribbit1, uniq_blork_the_orc
D:7:      grunt_livestock
Temple:   eino_narrow_crystal_temple

Skill      XL: |  1  2  3  4  5  6  7  8  9 |
---------------+----------------------------+-----
Long Blades    | 3 4 5 6 7 9 11 13 14 | 14.1
Armour         | 4 |  4.9
Fighting       | 4 |  4.4
Shields        | 4 |  4.2

Action                   |  1- 3 |  4- 6 |  7- 9 || total
-------------------------+-------+-------+-------++-------
Melee: Long sword        |    70 |   118 |   277 ||   465
       Headbutt          |     8 |    19 |    58 ||    85
  Use: Scroll            |     3 |     7 |     5 ||    15
       Potion            |       |     1 |     3 ||     4
  Eat: Chunk             |       |     4 |    14 ||    18
Armor: Scale mail        |    36 |    44 |    39 ||   119
       Plate armour      |       |       |    61 ||    61
Dodge: Dodged            |    20 |    36 |    48 ||   104
Block: Shield            |    34 |    59 |   114 ||   207
       Rpst.: Long sword |     1 |     9 |    11 ||    21

Table legend:
 A = Spawn XP
 B = Non-spawn XP
 C = Spawn XP percentage of total XP
 D = Spawn monster count
 E = Non-spawn monster count
 F = Spawn count percentage of total count
 G = Total turns spent on level
                    A         B        C        D         E        F      G
               +---------+---------+-------+---------+---------+-------+---------
         Total |       0 |    3910 |   0.0 |       0 |     151 |   0.0 |  4794
               +---------+---------+-------+---------+---------+-------+---------
           D:1 |       0 |      41 |   0.0 |       0 |      18 |   0.0 |   459
           D:2 |       0 |     167 |   0.0 |       0 |      30 |   0.0 |   725
           D:3 |       0 |     197 |   0.0 |       0 |      30 |   0.0 |   797
           D:4 |       0 |     599 |   0.0 |       0 |      17 |   0.0 |   692
           D:5 |       0 |    1001 |   0.0 |       0 |      19 |   0.0 |   656
           D:6 |       0 |     380 |   0.0 |       0 |       7 |   0.0 |   807
           D:7 |       0 |    1525 |   0.0 |       0 |      30 |   0.0 |   578
               +---------+---------+-------+---------+---------+-------+---------
